 Dungeon Sprint DCSS version 0.23.2-1-ga50397a6bc (webtiles) character file.

Game seed: 9302319488286143872

2900 Freyura the Grappler (level 9, -2/93 HPs)
             Began as a Troll Monk on May 26, 2019.
             Was a High Priest of Ru.
             Slain by a tarantella (3 damage)
             ... in the Dungeon (Sprint V: "Ziggurat Sprint").
             The game lasted 00:11:48 (395 turns).

Freyura the Grappler (Troll Monk)                    Turns: 395, Time: 00:11:49

Health: -2/93      AC: 26    Str: 27    XL:     9   Next: 49%
Magic:  11/11      EV:  5    Int:  6    God:    Ru [*****.]
Gold:   0          SH:  0    Dex: 21    Spells: 8/8 levels left

rFire    . . .     SeeInvis .     - Unarmed
rCold    . . .     Gourm    +   i - +3 large shield
rNeg     . . .     Faith    .   a - +5 gold dragon scales
rPois    +         Spirit   .   (helmet restricted)
rElec    .         Reflect  .   y - +0 cloak {MR+}
rCorr    .         Harm     .   (gloves unavailable)
MR       +....     NoTele   +   (boots unavailable)
Stlth    ..........             E - amulet of the acrobat
HPRegen  0.65/turn              C - +6 ring of strength
MPRegen  0.12/turn              z - +6 ring of dexterity

@: confused, lethally poisoned (-2 -> -6), no potions, studying Long Blades
A: large, unfitting armour, claws 3, fast metabolism 3, gourmand, regeneration
1, shaggy fur 1, tough skin 3, inability to drink while threatened, no hexes
magic, no poison magic, no summoning magic, temperature sensitive
a: Draw Out Power, Power Leap, Apocalypse, Renounce Religion


You were in the Dungeon.
You worshipped Ru.
Ru was extremely pleased with you.
You were very full.

You visited 1 branch

Inventory:

Armour
 a - +5 gold dragon scales (worn)
 i - a +3 large shield (worn)
 y - a +0 cloak of magic resistance (worn)
Jewellery
 z - a +6 ring of dexterity (right claw)
 A - the ring of Huitood {rF- MP+9 Int+3 Dex+2}
   (You found it in the Dungeon)

   [ring of magical power]

   It affects your intelligence (+3).
   It affects your dexterity (+2).
   It makes you vulnerable to fire.
   It affects your magic capacity (+9).
 B - the ring "Borraratan" {rC+ Stlth+}
   (You found it in the Dungeon)

   [ring of stealth]

   It protects you from cold.
   It makes you more stealthy.
 C - a +6 ring of strength (left claw)
 E - an amulet of the acrobat (around neck)
Wands
 v - a wand of disintegration (7)
 w - a wand of iceblast (7)
 x - a wand of acid (7)
Scrolls
 h - 4 scrolls of blinking
 p - 4 scrolls of amnesia
 q - 7 scrolls of fog
 r - a scroll of holy word
 s - 5 scrolls of identify
 t - 5 scrolls of remove curse
 u - 2 scrolls of fear
Potions
 c - 10 potions of curing
 d - 10 potions of heal wounds
 e - 6 potions of haste
 f - 7 potions of magic
 g - 3 potions of berserk rage
 j - 2 potions of brilliance
 k - 2 potions of invisibility
 l - 4 potions of resistance
 n - 5 potions of agility
 o - 5 potions of might
Books
 m - a manual of Long Blades
Comestibles
 b - 8 rations


   Skills:
 + Level 7.3 Fighting
 + Level 8.2 Armour
 + Level 7.2 Dodging
 - Level 1.0 Stealth
 + Level 8.1 Shields
 * Level 11.8 Unarmed Combat
 + Level 4.9 Evocations


You had 8 spell levels left.
You didn't know any spells.
Your spell library was empty.

Dungeon Overview and Level Annotations

Branches:
Dungeon (1/1)

Altars:
Ashenzari
Cheibriados
Dithmenos
Elyvilon
Fedhas
Gozag
Hepliaklqana
Kikubaaqudgha
Makhleb
Nemelex Xobeh
Okawaru
Qazlal
Ru
Sif Muna
Trog
Uskayaw
Vehumet
Wu Jian
Xom
Yredelemnul
Zin
The Shining One
Beogh
Jiyva
Lugonu

Annotations:
D 1 transporter


Innate Abilities, Weirdness & Mutations

You are too large for most types of armour.
You have claws for hands.
Your metabolism is lightning-fast.
You like to eat raw meat.
Your natural rate of healing is unusually fast.
You are covered in fur. (AC +1)
You have extremely tough skin. (AC +3)
You cannot drink potions while threatened.
You cannot study or cast Hexes magic.
You cannot study or cast Poison magic.
You cannot study or cast Summoning magic.
You are sensitive to extremes of temperature. (rF-, rC-)


Message History

* * * LOW HITPOINT WARNING * * *
The wolf spider bites you.
* * * LOW HITPOINT WARNING * * *
You are poisoned.
The wolf spider poisons you!
The tarantella bites you but does no damage.
The redback bites you but does no damage.
The redback barely misses you.
Your shield and gold dragon scales prevent you from hitting the tarantella.
You feel sick. The wolf spider hits you!
* * * LOW HITPOINT WARNING * * *
The wolf spider bites you but does no damage.
The tarantella bites you but does no damage.
The redback bites you!
* * * LOW HITPOINT WARNING * * *
The redback bites you.
* * * LOW HITPOINT WARNING * * *
The scorpion stings you but does no damage.
The wolf spider barely misses you. x2; The tarantella bites you.
You die...

▓...©....▓...©....▓
▓▓▓▓▓▓▓▓▓▓▓▓▓▓▓▓▓▓▓
▓...8©8...▓..8©8..▓
▓..:}))...▓..))...▓
▓..."==...▓..:=}..▓
▓......s..▓.......▓
▓.........▓.......▓
▓....ss...▓.......▓
▓....s@...▓.......▓
▓.▓..ss.▓.▓.▓...▓.▓
▓....©....▓...©...▓
▓▓▓▓▓▓▓▓▓▓▓▓▓▓▓▓▓▓▓
▓..8©8..▓ ▓..}}}..▓
▓...[|..▓ ▓.......▓
▓.......▓


You could see a wolf spider, a jumping spider, a tarantella, 2 redbacks and a
scorpion.

Vanquished Creatures
  A tentacled starspawn (D)
  A wretched star (D)
  A komodo dragon (D)
  A blink frog (D)
  A tarantella (D)
  2 yaks (D)
  A naga (D)
  A water moccasin (D)
  4 necrophages (D)
  A wolf (D)
  A scorpion (D)
  2 iguanas (D)
  2 adders (D)
  An adder zombie (D)
  2 adder skeletons (D)
  3 ball pythons (D)
  A giant cockroach zombie (D)
  A leopard gecko skeleton (D)
  A starspawn tentacle (D)
28 creatures vanquished.

Vanquished Creatures (others)
  2 spatial maelstroms (D)
  A scorpion (D)
  An iron imp (D)
  2 white imps (D)
  3 starspawn tentacles (D)
9 creatures vanquished.

Grand Total: 37 creatures vanquished

Notes
Turn   | Place    | Note
-------+----------+-------------------------------------------
     0 | D        | Found the +6 Majin-Bo {vamp, Archmagi MP+6 Int+6}
     0 | D        | Found the +7 great mace "Firestarter" {inner flame, rF++}
     0 | D        | Freyura the Troll Monk began the quest for the Orb.
     0 | D        | Reached XP level 1. HP: 22/22 MP: 0/0
     2 | D        | Banished a spatial maelstrom
     3 | D        | Banished a spatial maelstrom
     9 | D        | Found a blossoming altar of Fedhas.
    23 | D        | Found a deep blue altar of Sif Muna.
    23 | D        | Found a sacrificial altar of Ru.
    23 | D        | Found a bloodstained altar of Trog.
    23 | D        | Found a stormy altar of Qazlal.
    23 | D        | Found an iron altar of Okawaru.
    23 | D        | Found a sparkling altar of Nemelex Xobeh.
    25 | D        | Found a transporter.
    25 | D        | Found an ancient bone altar of Kikubaaqudgha.
    25 | D        | Found a viscous altar of Jiyva.
    25 | D        | Found a corrupted altar of Lugonu.
    25 | D        | Found a hazy altar of Hepliaklqana.
    25 | D        | Found a burning altar of Makhleb.
    25 | D        | Found an opulent altar of Gozag.
    51 | D        | Became a worshipper of Ru the Awakened
    54 | D        | Reached XP level 2. HP: 29/29 MP: 1/1
    59 | D        | Gained mutation: You cannot drink potions while threatened.
                  | [Ru sacrifice]
    59 | D        | Reached * piety under Ru
    78 | D        | Entered arena 2.
    78 | D        | Noticed a scorpion
    78 | D        | Noticed a tarantella
    78 | D        | Found a transporter.
    82 | D        | Killed a scorpion
    82 | D        | Reached skill level 4 in Unarmed Combat
    82 | D        | Reached XP level 3. HP: 30/36 MP: 2/2
    93 | D        | Killed a tarantella
    93 | D        | Reached skill level 5 in Armour
    93 | D        | Reached skill level 5 in Shields
    93 | D        | Reached skill level 6 in Unarmed Combat
    93 | D        | Reached XP level 4. HP: 42/48 MP: 3/3
    93 | D        | Reached XP level 5. HP: 47/54 MP: 4/4
   104 | D        | Entered arena 3.
   104 | D        | Noticed a naga
   104 | D        | Found a transporter.
   110 | D        | Killed a naga
   110 | D        | Reached skill level 7 in Unarmed Combat
   110 | D        | Reached XP level 6. HP: 63/63 MP: 5/5
   124 | D        | Entered arena 4.
   124 | D        | Found a transporter.
   129 | D        | Reached skill level 1 in Evocations
   131 | D        | Reached skill level 5 in Fighting
   131 | D        | Reached skill level 5 in Dodging
   131 | D        | Reached skill level 8 in Unarmed Combat
   134 | D        | Reached XP level 7. HP: 72/72 MP: 5/7
   141 | D        | Got the ring "Kegae" {Fire MR+ Dex+3}
   152 | D        | Entered arena 5.
   152 | D        | Found a transporter.
   182 | D        | Gained mutation: You are sensitive to extremes of
                  | temperature. (rF-, rC-) [Ru sacrifice]
   182 | D        | Reached ** piety under Ru
   182 | D        | Reached *** piety under Ru
   182 | D        | Reached **** piety under Ru
   185 | D        | Entered arena 6.
   185 | D        | Found a transporter.
   193 | D        | Reached skill level 9 in Unarmed Combat
   202 | D        | Got the ring of Huitood {rF- MP+9 Int+3 Dex+2}
   206 | D        | Entered arena 7.
   206 | D        | Noticed a tentacled starspawn
   206 | D        | Noticed a wretched star
   206 | D        | Noticed a blink frog
   207 | D        | Found a transporter.
   218 | D        | Killed a tentacled starspawn
   218 | D        | Reached skill level 10 in Unarmed Combat
   218 | D        | Reached XP level 8. HP: 52/84 MP: 7/9
   223 | D        | Killed a blink frog
   238 | D        | Killed a wretched star
   238 | D        | Reached skill level 11 in Unarmed Combat
   238 | D        | Reached XP level 9. HP: 45/92 MP: 9/11
   244 | D        | Got the ring "Borraratan" {rC+ Stlth+}
   310 | D        | Entered arena 8.
   310 | D        | Noticed a komodo dragon
   311 | D        | Found a transporter.
   319 | D        | Killed a komodo dragon
   340 | D        | Gained mutation: You cannot study or cast Poison magic. [Ru
                  | sacrifice]
   340 | D        | Gained mutation: You cannot study or cast Hexes magic. [Ru
                  | sacrifice]
   340 | D        | Gained mutation: You cannot study or cast Summoning magic.
                  | [Ru sacrifice]
   340 | D        | Reached ***** piety under Ru
   382 | D        | Entered arena 9.
   382 | D        | Noticed a jumping spider
   382 | D        | Noticed a wolf spider
   383 | D        | Found a transporter.
   395 | D        | HP: 2/93 [redback (9)]
   395 | D        | Slain by a tarantella

Skill      XL: |  1  2  3  4  5  6  7  8  9 |
---------------+----------------------------+-----
Armour         | 4 5 6 7 8 |  8.2
Shields        | 4 5 6 7 8 |  8.1
Unarmed Combat | 4 6 7 8 10 11 | 11.8
Fighting       | 4 5 6 7 |  7.3
Dodging        | 4 5 6 7 |  7.2
Evocations     | 1 3 4 |  4.9
Stealth        | |  1.0

Action                   |  1- 3 |  4- 6 |  7- 9 || total
-------------------------+-------+-------+-------++-------
Melee: Unarmed           |    15 |    14 |    82 ||   111
Invok: Sacrifice Drink   |     1 |       |       ||     1
       Sacrifice Resista |       |       |     1 ||     1
       Sacrifice Arcana  |       |       |     1 ||     1
  Use: Potion            |     1 |       |       ||     1
  Eat: Chunk             |       |       |     8 ||     8
Armor: Gold dragon scale |     3 |    12 |    74 ||    89
Dodge: Dodged            |       |       |    18 ||    18
Block: Large shield      |    16 |    13 |   100 ||   129
